 Dungeon Crawl Stone Soup version 0.25-a0-294-gea9b1ad378 (webtiles) character file.

Game seed: 1584585522903454626, levelgen mode: deterministic

365 fooman123 the Shield-Bearer (level 6, -14/40 HPs)
             Began as a Gargoyle Fighter on Dec 18, 2019.
             Demolished by an ogre
             ... wielding a +0 giant spiked club
              (28 damage)
             ... on level 4 of the Dungeon.
             The game lasted 00:10:25 (3653 turns).

fooman123 the Shield-Bearer (Gargoyle Fighter)      Turns: 3653, Time: 00:10:26

Health: -14/40     AC: 11    Str: 21    XL:     6   Next: 68%
Magic:  6/6        EV:  7    Int:  9    God:
Gold:   194        SH:  9    Dex:  9    Spells: 5/5 levels left

rFire    . . .     SeeInvis .   a - +0 flail
rCold    . . .     Gourm    .   c - +0 shield
rNeg     + . .     Faith    .   b - +0 scale mail
rPois    ∞         Spirit   .   (no helmet)
rElec    +         Reflect  .   (no cloak)
rCorr    .         Harm     .   (no gloves)
MR       .....                  (no boots)
Stlth    ..........             (no amulet)
HPRegen  0.13/turn              (no ring)
MPRegen  0.10/turn              (no ring)

@: no status effects
A: negative energy resistance 1, electricity resistance, unbreathing,
petrification resistance, rot immunity, AC +4
a: no special abilities


You were on level 4 of the Dungeon.
You were not hungry.

You visited 1 branch of the dungeon, and saw 4 of its levels.

You collected 194 gold pieces.

Inventory:

Hand Weapons
 a - a +0 flail (weapon)
 f - a +0 spear
   (You found it on level 1 of the Dungeon)
Armour
 b - a +0 scale mail (worn)
 c - a +0 shield (worn)
 d - a +0 cloak
   (You found it on level 4 of the Dungeon)
 q - a +0 helmet
   (You found it on level 2 of the Dungeon)
 t - a +0 pair of gloves
   (You found it on level 3 of the Dungeon)
Jewellery
 j - an uncursed ring of protection from magic {unknown}
   (You found it on level 1 of the Dungeon)
 o - an uncursed amulet of faith {unknown}
   (You found it on level 2 of the Dungeon)
 r - an uncursed ring of resist corrosion {unknown}
   (You found it on level 2 of the Dungeon)
Scrolls
 h - 10 scrolls of identify {unknown}
 i - 6 scrolls of teleportation {unknown}
 n - a scroll of remove curse {unknown}
 p - a scroll of amnesia {unknown}
 v - 3 scrolls of enchant armour {unknown}
 x - a scroll of magic mapping {unknown}
Potions
 k - a potion of resistance {unknown}
 l - 2 potions of curing {unknown}
 m - 2 potions of cancellation {unknown}
 s - 2 potions of degeneration {unknown}
 u - 2 potions of magic {unknown}
 w - a potion of ambrosia {unknown}
 z - a potion of berserk rage {unknown}
 A - a potion of mutation {unknown}
Comestibles
 e - 5 rations {!d}


   Skills:
 + Level 4.9 Fighting
 + Level 3.7 Maces & Flails
 + Level 4.8 Armour
 + Level 4.9 Shields


You had 5 spell levels left.
You didn't know any spells.
Your spell library contained the following spells:

 Spells                   Type           Power        Failure   Level  Hunger
 Beastly Appendage        Tmut           #.....       98%         1    ##.....
 Sticks to Snakes         Tmut           #.......     99%         2    ###....
 Spider Form              Tmut/Pois      #.........   100%        3    ####...
 Ice Form                 Ice/Tmut       #.......     100%        4    #####..
 Blade Hands              Tmut           #.........   100%        5    ######.


Dungeon Overview and Level Annotations

Branches:
Dungeon (4/15)
 Temple: D:4-7

Altars:
Dithmenos
Gozag
Hepliaklqana
Trog
Vehumet
Wu Jian
Xom


Innate Abilities, Weirdness & Mutations

You are resistant to torment.
Your stone body is resilient. (AC +4)
You are immune to poison.
You resist negative energy. (rN+)
You are resistant to electric shocks. (rElec)
You can survive without breathing.
You are immune to petrification.
You are immune to rotting.


Message History

You see here a +0 club.
Found a stone staircase leading down.
There is a stone staircase leading down here.
e - 5 rations {!d} (gained 1)
You see here a rapier.
Found a cloak.
d - a cloak The ogre shouts!
The ogre is too close now for your liking.
An ogre is nearby!
The ogre hits the bush but does no damage.
The ogre hits something with a +0 giant spiked club!
There is a stone staircase leading up here.
There is a stone staircase leading down here.
The killer bee zombie closely misses you.
The killer bee zombie hits you but does no damage.
You closely miss the killer bee zombie.
The killer bee zombie hits you but does no damage.
You block the killer bee zombie's attack.
You closely miss the killer bee zombie.
The killer bee zombie closely misses you.
The killer bee zombie hits you but does no damage.
The killer bee zombie closely misses you.
You hit the killer bee zombie.
You block the killer bee zombie's attack.
The killer bee zombie hits you but does no damage.
You sock the killer bee zombie!
The killer bee zombie barely misses you.
The killer bee zombie hits you.
You closely miss the killer bee zombie.
The killer bee zombie hits you but does no damage.
You block the killer bee zombie's attack.
The killer bee zombie hits you.
You hit the killer bee zombie.
You block the killer bee zombie's attack.
The killer bee zombie barely misses you.
You hit the killer bee zombie.
The killer bee zombie hits you but does no damage.
You hit the ogre.
The ogre hits you with a +0 giant spiked club!!
Ouch! That really hurt!
* * * LOW HITPOINT WARNING * * *
You sock the ogre! You block the ogre's attack.
You hit the ogre. You hit the ogre. You block the ogre's attack.
You hit the ogre but do no damage. You block the ogre's attack.
You hit the ogre.
The ogre hits you with a +0 giant spiked club!!
Ouch! That really hurt!
You die...

#..# #.# #..# #.## #.......
#.#####.###..######..####PPPPP.
#........................P.....
#######.###..#######.####PPP.PP
#..# #..# #.## #..#.# ##.##
#..# ##..###....# #.># #..#
#.......##.## #.##
#..######.##.#####..#
#.#####...@OZ...##..# ##..
#.##......#########.# ###
####.##.##.### #.##### #
#....##....# #.#...##
#.##....##.###########..)...##
#.###.#.........#...##.......#
#..)..####.####.#._.##...(...#
#.##### #.# ###...#........#
### ### #.§.#.......##


You could see an ogre and a killer bee zombie.

Vanquished Creatures
  An ogre (D:4)
  3 worker ants (D:4)
  3 gnolls (D:2)
  6 adders
  6 dart slugs
  4 worms
  3 leopard geckos
  8 orcs
  5 bats
  3 giant cockroaches
  11 goblins
  6 hobgoblins
  18 jackals
  A quokka (D:4)
  3 frilled lizards
  8 kobolds
  11 rats
100 creatures vanquished.

Vanquished Creatures (others)
  A bush (D:4)
1 creature vanquished.

Grand Total: 101 creatures vanquished

Notes
Turn   | Place    | Note
-------+----------+-------------------------------------------
     0 | D:1      | fooman123 the Gargoyle Fighter began the quest for the Orb.
     0 | D:1      | Reached XP level 1. HP: 14/14 MP: 1/1
   107 | D:1      | Reached XP level 2. HP: 18/19 MP: 2/2
   314 | D:1      | Reached XP level 3. HP: 21/23 MP: 3/3
   904 | D:2      | Reached XP level 4. HP: 25/29 MP: 4/4
  1259 | D:2      | Found an ornate altar of the Wu Jian Council.
  1344 | D:2      | Found a shadowy altar of Dithmenos.
  1392 | D:2      | Reached XP level 5. HP: 27/33 MP: 5/5
  2210 | D:3      | Found a radiant altar of Vehumet.
  2287 | D:3      | Found a shimmering altar of Xom.
  2287 | D:3      | Found a hazy altar of Hepliaklqana.
  2293 | D:3      | Found a faded altar of an unknown god.
  2295 | D:3      | Found an opulent altar of Gozag.
  2296 | D:3      | Found a faded altar of an unknown god.
  2551 | D:4      | Reached XP level 6. HP: 32/39 MP: 6/6
  3379 | D:4      | Found a bloodstained altar of Trog.
  3653 | D:4      | Demolished by an ogre

Levels and vault maps discovered:
D:1:      ncdulo_watergridlock, layout_loops_ring, minmay_misc_feat_room,
          minmay_unequal
D:2:      layout_loops_corners, nicolae_overflow_crystal_walls,
          old_standard_altar, wad_orctagon
D:3:      layout_basic, vehumet_crystals, chequers_temple_overflow_minitemple,
          grunt_ministairs_15
D:4:      layout_rooms, first_ration, minmay_hedge_maze, trog_book

Skill      XL: |  1  2  3  4 |
---------------+-------------+-----
Shields        | 4 |  4.9
Fighting       | 4 |  4.9
Armour         | 4 |  4.8
Maces & Flails | 3 |  3.7

Action                   |  1- 3 |  4- 6 || total
-------------------------+-------+-------++-------
Melee: Flail             |   179 |   287 ||   466
  Use: Potion            |       |     1 ||     1
  Eat: Chunk             |       |     8 ||     8
       Ration            |       |     1 ||     1
Armor: Scale mail        |   107 |   135 ||   242
Dodge: Dodged            |    54 |    83 ||   137
Block: Shield            |   107 |   158 ||   265

Table legend:
 A = Non-vault XP
 B = Vault XP
 C = Vault XP percentage of total XP
 D = Non-vault monster count
 E = Vault monster count
 F = Vault count percentage of total count
                 A         B        C        D         E       F
            +---------+---------+-------+---------+---------+-------
      Total |     491 |      31 |   5.9 |      92 |       8 |   8.0
            +---------+---------+-------+---------+---------+-------
        D:1 |      49 |       4 |   7.5 |      26 |       2 |   7.1
        D:2 |     124 |      12 |   8.8 |      30 |       4 |  11.8
        D:3 |      70 |      15 |  17.6 |      23 |       2 |   8.0
        D:4 |     248 |       0 |   0.0 |      13 |       0 |   0.0
            +---------+---------+-------+---------+---------+-------
